 Dungeon Crawl Stone Soup version 0.31-a0-875-g02e7d12df6 (webtiles) character file.

Game seed: 4826144202474302993

3031 gelatine the Fighter (level 9, -1/96 HPs)
             Began as an Ogre Gladiator on Oct 13, 2023.
             Slain by a killer bee (6 damage)
             ... on level 7 of the Dungeon.
             The game lasted 00:21:49 (6822 turns).

gelatine the Fighter (Ogre Gladiator)               Turns: 6822, Time: 00:21:50

Health: -1/96      AC:  5    Str: 24    XL:     9   Next: 86%
Magic:  15/15      EV: 11    Int: 15    God:
Gold:   201        SH:  5    Dex: 10    Spells: 16/16 levels left

rFire   . . .        G - +0 giant club
rCold   . . .        (shield currently unavailable)
rNeg    . . .        b - +0 robe
rPois   .            c - +1 hat
rElec   .            A - +0 cloak
rCorr   .            (gloves unavailable)
SInv    .            (boots unavailable)
Will    +....        D - amulet of reflection
Stlth   ++           k - +6 ring of intelligence
HPRegen 0.36/turn    H - ring of willpower
MPRegen 0.14/turn

%: reflection
@: lethally poisoned (-1 -> -17), studying Short Blades
A: large, unfitting armour, tough skin 1
a: no special abilities


You were on level 7 of the Dungeon.
You visited 2 branches of the dungeon, and saw 9 of its levels.
You also visited: Sewer.

You collected 376 gold pieces.
You spent 175 gold pieces at shops.

Inventory:

Hand Weapons
 n - a +2 flail of protection
 G - a +0 giant club (weapon)
Missiles
 d - 4 throwing nets
 B - a large rock (quivered)
Armour
 b - a +0 robe (worn)
 c - a +1 hat (worn)
 A - a +0 cloak (worn)
Jewellery
 k - a +6 ring of intelligence (left hand)
 m - an amulet of regeneration
 q - a ring of ice
 D - an amulet of reflection (around neck)
 H - a ring of willpower (right hand)
 K - an amulet of magic regeneration
Wands
 l - a wand of quicksilver (15)
 o - a wand of roots (13)
 p - a wand of flame (20)
Scrolls
 e - 3 scrolls of brand weapon
 f - 4 scrolls of teleportation
 j - 2 scrolls of fear
 r - 2 scrolls of enchant weapon
 s - a scroll of summoning {unknown}
 w - 2 scrolls of vulnerability {unknown}
 y - a scroll of blinking
 z - a scroll of poison {unknown}
 C - a scroll of fog {unknown}
 E - a scroll of amnesia {unknown}
 F - a scroll of revelation {unknown}
 I - a scroll of acquirement {unknown}
Potions
 a - a potion of enlightenment
 g - 3 potions of lignification
 h - a potion of mutation
 i - a potion of brilliance
 t - a potion of magic
 u - a potion of haste
 v - a potion of invisibility {unknown}
 x - a potion of might {unknown}
 J - a potion of heal wounds


   Skills:
 * Level 8.2 Fighting
 + Level 6.6 Maces & Flails
 * Level 4.9 Throwing
 * Level 0.5 Armour
 * Level 6.0 Dodging
 + Level 3.5 Stealth
 * Level 1.4 Shields
 + Level 4.3 Spellcasting
 * Level 0.5 Evocations


You had 16 spell levels left.
You didn't know any spells.
Your spell library was empty.

Dungeon Overview and Level Annotations

Branches:
Dungeon (8/15)             Temple (1/1) D:4           Sewer (visited)
   Lair: D:8-11

Altars:
Ashenzari
Cheibriados
Dithmenos
Elyvilon
Fedhas
Gozag
Hepliaklqana
Kikubaaqudgha
Makhleb
Nemelex Xobeh
Okawaru
Ru
Sif Muna
Trog
Uskayaw
Vehumet
Wu Jian
Xom
Yredelemnul
Zin
The Shining One

Shops:
D:4 ?   D:7 :

Annotations:
Temple 4 transporters


Innate Abilities, Weirdness & Mutations

You are too large for most types of armour.
You have tough skin. (AC +1)


Message History

You feel sick.
The killer bee attacks as it pursues you!
The killer bee stings you.
You feel sick. The killer bee completely misses you.
The killer bee closely misses you.
You feel sick. The killer bee stings you.
You feel sick.
You feel sick. The killer bee barely misses you.
You miss the killer bee.
You feel sick. The killer bee stings you.
You are more poisoned.
The killer bee poisons you! The killer bee closely misses you.
The killer bee stings you.
* * * LOW HITPOINT WARNING * * *
Read: 3 scrolls of fear
Press: ? - help, Q - select action, (/) - cycle Dir - look around, f - activate Look: a killer bee (chance to affect: 98%)
As you read the scroll of fear, it crumbles to dust.
You assume a fearsome visage.
The killer bee looks frightened! x3
You feel sick.
You closely miss the killer bee.
You feel very sick. You block the killer bee's attack.
The killer bee stings you but does no damage.
The killer bee stings you!
* * * LOW HITPOINT WARNING * * *
The killer bee stings you.
* * * LOW HITPOINT WARNING * * *
You are more poisoned.
The killer bee poisons you! The killer bee misses you.
You miss the killer bee.
* * * LOW HITPOINT WARNING * * *
You feel very sick. The killer bee stings you.
* * * LOW HITPOINT WARNING * * *
You are more poisoned.
The killer bee poisons you! The killer bee stings you.
* * * LOW HITPOINT WARNING * * *
The killer bee stings you.
You die...

###.#.###..#..###................
......##..###..##.....#..........
###.......###....................
# ###.#....#.......#...y.(.......
# #.#..........>.#.............
#............y#..............
#..##...#.......##...........
#..##...#..y##..##...........
#####.....y....y@..####..........
#<........รท...###### #..........
.......##...### ####.......
.##....#....##############.......
.###..................))..#..#...
............#######...###........
..#......#..######...............
................#..)....#.....#..
....#...................##..##...


You could see 4 killer bees.

Vanquished Creatures
  Pikel (D:3)
  An ice beast (D:5)
  5 black bears
  Pargi (Sewer)
  A sky beast (D:6)
  An ogre (D:7)
  2 phantoms
  3 centaurs
  2 kobold brigands
  A bullfrog (D:6)
  4 scorpions
  4 killer bees (D:5)
  A howler monkey (D:4)
  3 jellies
  An orc priest (D:4)
  2 hounds
  A sleepcap (D:5)
  2 iguanas (D:7)
  4 orc wizards
  11 adders
  11 gnolls
  4 river rats (D:3)
  2 shadow imps
  2 white imps
  An ufetubus (D:6)
  6 worms
  A dart slug (D:3)
  14 orcs
  7 ball pythons
  5 endoplasms
  5 giant cockroaches
  7 goblins
  5 hobgoblins
  30 kobolds
  7 quokkas
  2 bats (D:2)
  8 frilled lizards
  14 rats
182 creatures vanquished.

Notes
Turn   | Place    | Note
-------+----------+-------------------------------------------
     0 | D:1      | gelatine the Ogre Gladiator began the quest for the Orb.
     0 | D:1      | Reached XP level 1. HP: 22/22 MP: 1/1
   190 | D:1      | Reached XP level 2. HP: 29/29 MP: 2/2
   411 | D:1      | Reached skill level 3 in Fighting
   622 | D:1      | Reached XP level 3. HP: 37/37 MP: 3/3
  1014 | D:1      | Found a faded altar of an unknown god.
  1099 | D:2      | Reached XP level 4. HP: 17/45 MP: 3/5
  1463 | D:2      | Found a glowing silver altar of Zin.
  1544 | D:2      | Reached skill level 1 in Spellcasting
  2010 | D:3      | Reached XP level 5. HP: 49/53 MP: 6/6
  2238 | D:3      | Reached skill level 1 in Stealth
  2285 | D:3      | Found a glowing drain.
  2299 | Sewer    | Entered a sewer
  2310 | Sewer    | Reached XP level 6. HP: 62/62 MP: 8/8
  2371 | Sewer    | Noticed Pargi
  2389 | Sewer    | Killed Pargi
  2390 | Sewer    | Reached skill level 4 in Fighting
  2793 | D:4      | Noticed Pikel
  2808 | D:4      | Found a sacrificial altar of Ru.
  2870 | D:4      | Reached XP level 7. HP: 22/70 MP: 10/10
  2967 | D:4      | Found Umilig's Magic Scroll Boutique.
  2988 | D:4      | Bought a scroll of blinking for 75 gold pieces
  2988 | D:4      | Bought a scroll of identify for 20 gold pieces
  2988 | D:4      | Bought a scroll of fear for 40 gold pieces
  3007 | D:4      | Found a staircase to the Ecumenical Temple.
  3035 | Temple   | Found a transporter.
  3035 | Temple   | Found a transporter.
  3035 | Temple   | Found a transporter.
  3035 | Temple   | Found a transporter.
  3035 | Temple   | Entered the Ecumenical Temple
  3655 | D:3      | Killed Pikel
  3656 | D:3      | Reached skill level 5 in Fighting
  3656 | D:3      | Reached skill level 5 in Maces & Flails
  3656 | D:3      | Reached skill level 5 in Dodging
  3656 | D:3      | Reached XP level 8. HP: 31/81 MP: 10/12
  3757 | D:5      | Entered Level 5 of the Dungeon
  4019 | D:5      | Reached skill level 6 in Fighting
  4036 | D:5      | HP: 4/83 [poisoned by a killer bee]
  4041 | D:5      | HP: 1/83 [poisoned by a killer bee]
  4619 | D:5      | Reached XP level 9. HP: 39/92 MP: 14/14
  4983 | D:4      | Bought a scroll of identify for 20 gold pieces
  4983 | D:4      | Bought a scroll of identify for 20 gold pieces
  5508 | D:6      | Reached skill level 7 in Fighting
  5669 | D:6      | Found a shimmering altar of Xom.
  5770 | D:6      | Found a radiant altar of Vehumet.
  5826 | D:6      | Found an iron altar of Okawaru.
  5830 | D:6      | Found a glowing golden altar of the Shining One.
  6108 | D:7      | Found a shadowy altar of Dithmenos.
  6272 | D:7      | Found Uhoteegg's Book Boutique.
  6276 | D:7      | Reached skill level 1 in Shields
  6554 | D:7      | Reached skill level 8 in Fighting
  6822 | D:7      | Slain by a killer bee

Illustrated notes

Levels and vault maps discovered:
D:1:      psy_arrival_conway, layout_basic,
          shapermc_ecumenical_altar_hornbeckon, minmay_misc_feat_encased,
          minmay_door_square
D:2:      layout_basic, basic_altar, minmay_tripent
D:3:      layout_loops_ring, lightli_sewer_entry_pipes
D:4:      kennysheep_kobold_camp, layout_basic, lemuel_crystal_altar,
          minmay_temple_entry_wispy, serial_shops, shop,
          ebering_dispersal_statue_hall, uniq_pikel
D:5:      layout_basic, serial_glass, glass_columns_c, glass_columns_c,
          glass_columns_a, glass_columns_a
D:6:      layout_rooms, minmay_overflow_temple_star_quad, old_standard_altar
D:7:      layout_rooms, nicolae_dithmenos_shadow_blocks, serial_shops,
          nicolae_stop_n_shop_1, corner_web_ring
D:8:      layout_cave_pools
Temple:   hellmonk_temple_divided_pantheon

Skill      XL: |  1  2  3  4  5  6  7  8  9 |
---------------+----------------------------+-----
Dodging        | 3 4 5 6 |  6.0
Maces & Flails | 3 4 5 6 |  6.6
Fighting       | 3 4 5 6 8 |  8.2
Spellcasting   | 1 2 3 4 |  4.3
Stealth        | 1 2 3 |  3.5
Throwing       | 3 4 |  4.9
Shields        | 1 |  1.4
Armour         | |  0.5
Evocations     | |  0.5

Action                     |  1- 3 |  4- 6 |  7- 9 || total
---------------------------+-------+-------+-------++-------
  Melee: Flail             |    86 |   261 |   351 ||   698
         Punch             |       |     3 |     3 ||     6
         Giant club        |       |       |    46 ||    46
  Throw: Large rock        |       |     1 |     6 ||     7
  Evoke: Wand              |       |       |     2 ||     2
    Use: Scroll            |       |     4 |     8 ||    12
         Potion            |       |     3 |     5 ||     8
   Stab: Sleeping          |     1 |       |     3 ||     4
 Armour: Robe              |    45 |   258 |   442 ||   745
  Dodge: Dodged            |    45 |   168 |   282 ||   495
  Block: Other             |       |       |    79 ||    79

Table legend: (Time is in decaauts)
 A = Elapsed time spent in this place.
 B = Non-inter-level travel time spent in this place.
 C = Inter-level travel time spent in this place.
 D = Time resting spent in this place.
 E = Time spent auto-exploring this place.
 F = Levels seen in this place.
 G = Mean time per level.
                   A        B        C        D        E       F      G
               +--------+--------+--------+--------+--------+-----+--------+
         Total |   6966 |   6574 |    392 |      0 |   4535 |  10 |  696.6 |
       Dungeon |   6766 |   6374 |    392 |      0 |   4462 |   8 |  845.8 |
        Temple |     23 |     23 |      0 |      0 |      0 |   1 |   23.0 |
         Sewer |    176 |    176 |      0 |      0 |     73 |   1 |  176.0 |
               +--------+--------+--------+--------+--------+-----+--------+

Top non-repeatable levels by time:
     D:5: 1259 daAuts
     D:1: 1087 daAuts
     D:6: 1059 daAuts
     D:3: 1045 daAuts
     D:4: 840 daAuts
     D:7: 773 daAuts
     D:2: 691 daAuts
   Sewer: 176 daAuts
  Temple: 23 daAuts
     D:8: 7 daAuts
